 Dungeon Crawl Stone Soup version 0.22.1-1-ga44c0e56f4 (webtiles) character file.

18163934 Debik the Petrodigitator (level 27, 218/218 HPs)
             Began as a Gargoyle Earth Elementalist on Sept 18, 2018.
             Was the Champion of Vehumet.
             Escaped with the Orb
             ... and 15 runes on Sept 21, 2018!
             The game lasted 10:03:01 (85874 turns).

Debik the Petrodigitator (GrEE)                    Turns: 85874, Time: 10:03:02

Health: 218/218    AC: 36    Str: 14    XL:     27
Magic:  62/73      EV: 27    Int: 53    God:    Vehumet [******]
Gold:   9333       SH: 16    Dex: 20    Spells: 0/80 levels left

rFire    + + +     SeeInvis +   K - staff of power
rCold    + . .     Gourm    +   j - +6 buckler of the Spheres {Int+2 SInv}
rNeg     + + .     Faith    .   X - +1 troll leather armour of Menil {*Corrode Regen+ Int+10 Dex+6}
rPois    ∞         Spirit   .   H - +0 Maxwell's etheric cage {RegenMP+ *Contam rElec MP+4}
rElec    +         Reflect  .   y - scarf {rC+ rF+}
rCorr    .         Harm     .   r - +1 pair of gloves "Utsiuray" {rC+ Str+3 Int+4 Dex+4 Stlth+}
MR       +++..                  M - +2 pair of boots of Tycith {rC- Int+5}
Stlth    +++.......             Z - amulet "Faiko" {Gourm +Fly rC++ rN+ Slay-6}
HPRegen  0.86/turn              q - ring "Otizxant" {Fire *Contam Str+2 Int+2 SInv} MPRegen 0.93/turn*
                                p - ring "Tylas" {Fire MR+ Str-5 Int+3}

@: flying, studying 2 skills, deflect missiles
A: big wings, thin metallic scales 1, blurry vision 1, negative energy
resistance 1, robust 1, electricity resistance, wild magic 1, unbreathing,
evolution 1, petrification resistance, rot immunity, AC +20
0: Orb of Zot
}: 15/15 runes: decaying, serpentine, slimy, silver, golden, iron, obsidian,
icy, bone, abyssal, demonic, glowing, magical, fiery, dark
a: Stop Flying, Renounce Religion


You escaped.
You worshipped Vehumet.
Vehumet was exalted by your worship.
You were not hungry.

You visited 18 branches of the dungeon, and saw 90 of its levels.
You visited Pandemonium 1 time, and saw 15 of its levels.
You visited the Abyss 2 times.
You visited 1 bazaar.
You completed 1 ziggurat, and saw 27 of its levels.
You also visited: Trove, Ossuary, Bailey and Ice Cave.

You collected 17693 gold pieces.
You spent 8360 gold pieces at shops.

Inventory:

Missiles
 b - 1803 stones (quivered)
 l - 9 throwing nets
Armour
 a - the +1 cloak of the Barnacle {+Fly Int+6}
   (You found it on level 24 of a ziggurat)

   It affects your intelligence (+6).
   It lets you fly.
 j - the +6 buckler of the Spheres (worn) {Int+2 SInv}
   (You found it on level 7 of Gehenna)

   It affects your intelligence (+2).
   It lets you see invisible.
 r - the +1 pair of gloves "Utsiuray" (worn) {rC+ Str+3 Int+4 Dex+4 Stlth+}
   (You found it in Pandemonium)

   It affects your strength (+3).
   It affects your intelligence (+4).
   It affects your dexterity (+4).
   It protects you from cold.
   It makes you more stealthy.
 y - a scarf of resistance (worn)
 H - the +0 Maxwell's etheric cage (worn) {RegenMP+ *Contam rElec MP+4}
   (You bought it in a shop on level 4 of the Dungeon)

   It insulates you from electricity.
   It affects your magic capacity (+4).
   It causes magical contamination when unequipped.
 M - the +2 pair of boots of Tycith (worn) {rC- Int+5}
   (You found it on level 15 of the Dungeon)

   It affects your intelligence (+5).
   It makes you vulnerable to cold.
 X - the +1 troll leather armour of Menil (worn) {*Corrode Regen+ Int+10 Dex+6}
   (You found it on level 12 of a ziggurat)

   It affects your intelligence (+10).
   It affects your dexterity (+6).
   It increases your rate of regeneration.
   It may corrode you when you take damage.
Magical Staves
 K - an uncursed staff of power (weapon)
 Q - an uncursed staff of fire
 S - an uncursed staff of earth
Jewellery
 p - the ring "Tylas" (right hand) {Fire MR+ Str-5 Int+3}
   (You found it on level 24 of a ziggurat)

   [ring of fire]

   It enhances your fire magic.
   It affects your strength (-5).
   It affects your intelligence (+3).
   It protects you from fire.
   It makes you vulnerable to cold.
   It affects your resistance to hostile enchantments.
 q - the ring "Otizxant" (left hand) {Fire *Contam Str+2 Int+2 SInv}
   (You took it off a red devil in Pandemonium)

   [ring of fire]

   It enhances your fire magic.
   It affects your strength (+2).
   It affects your intelligence (+2).
   It protects you from fire.
   It makes you vulnerable to cold.
   It lets you see invisible.
   It causes magical contamination when unequipped.
 u - an uncursed ring of wizardry
 C - an uncursed ring of ice
 Y - the ring "Vurir" {rCorr *Contam Int+5}
   (You took it off a deep elf sorcerer on level 3 of the Elven Halls)

   [ring of resist corrosion]

   It affects your intelligence (+5).
   It causes magical contamination when unequipped.
 Z - the amulet "Faiko" (around neck) {Gourm +Fly rC++ rN+ Slay-6}
   (You took it off a deep elf sorcerer on level 3 of the Elven Halls)

   [amulet of the gourmand]

   It allows you to eat raw meat even when not hungry.
   It affects your accuracy and damage with ranged weapons and melee attacks
   (-6).
   It greatly protects you from cold.
   It protects you from negative energy.
   It lets you fly.
Wands
 L - a wand of digging (63)
Scrolls
 d - 10 scrolls of magic mapping
 h - 44 scrolls of teleportation
 m - 43 scrolls of remove curse
 w - 3 scrolls of silence
 A - 18 scrolls of fog
 B - 8 scrolls of amnesia
 E - 11 scrolls of fear
 G - 15 scrolls of blinking
 T - 11 scrolls of holy word
 U - 25 scrolls of enchant armour
 W - 7 scrolls of summoning
Potions
 e - 33 potions of curing
 f - 8 potions of invisibility
 g - 11 potions of haste
 n - 6 potions of cancellation
 o - 11 potions of agility
 x - 10 potions of brilliance
 D - 12 potions of mutation
 J - 7 potions of resistance
 O - 14 potions of heal wounds
 P - 6 potions of ambrosia
Books
 s - a manual of Hexes
 I - a manual of Transmutations
Miscellaneous
 i - 2 +1 figurines of a ziggurat
 F - a fan of gales
 R - 13 phantom mirrors
Comestibles
 t - 76 rations


   Skills:
 O Level 27 Fighting
   Level 1.0 Polearms
 - Level 0.2 Throwing
 + Level 9.2 Armour
 + Level 17.7 Dodging
 + Level 15.4 Stealth
 + Level 19.9 Shields
 O Level 27 Spellcasting
 O Level 27 Conjurations
 + Level 5.1 Hexes
 + Level 15.6 Charms
 + Level 16.3 Necromancy
 * Level 15.9 Translocations
 + Level 6.2 Transmutations
 O Level 27 Fire Magic
 O Level 27 Ice Magic
 + Level 5.4 Air Magic
 O Level 27 Earth Magic
   Level 2.5 Poison Magic


You couldn't memorise any spells.
You knew the following spells:

 Your Spells              Type           Power        Failure   Level  Hunger
a - Sandblast             Erth           ######       1%          1    None
b - Controlled Blink      Tloc           N/A          3%          8    None
c - Borgnjor's Vile Clut  Necr/Erth      #########.   1%          5    None
d - Cause Fear            Hex            ########..   1%          4    None
e - Stone Arrow           Conj/Erth      ######       1%          3    None
f - Fire Storm            Conj/Fire      ##########   1%          9    None
g - Fireball              Conj/Fire      ##########   1%          5    None
h - Death's Door          Chrm/Necr      ########..   2%          8    None
i - Deflect Missiles      Chrm/Air       ########..   1%          6    None
q - Regeneration          Chrm/Necr      ########..   1%          3    None
r - Lehudib's Crystal Sp  Conj/Erth      #########.   1%          8    None
s - Shatter               Erth           #########.   1%          9    None
v - Glaciate              Conj/Ice       #########.   1%          9    None
w - Shroud of Golubria    Chrm/Tloc      ########..   1%          2    None

Your spell library contained the following spells:

 Spells                   Type           Power        Failure   Level  Hunger
 Ignition                 Fire           ##########   1%          8    None
 Tornado                  Air            ########..   98%         9    None
 Animate Skeleton         Necr           N/A          1%          1    None
 Apportation              Tloc           ######       1%          1    None
 Beastly Appendage        Tmut           ######       1%          1    None
 Confusing Touch          Hex            ######       1%          1    None
 Corona                   Hex            #######      1%          1    None
 Flame Tongue             Conj/Fire      #####        1%          1    None
 Freeze                   Ice            ####         1%          1    None
 Infusion                 Chrm           ####         1%          1    None
 Magic Dart               Conj           ####         1%          1    None
 Pain                     Necr           ####         1%          1    None
 Sting                    Conj/Pois      ####         1%          1    None
 Summon Butterflies       Summ           #######.     1%          1    None
 Summon Small Mammal      Summ           ####         1%          1    None
 Blink                    Tloc           N/A          1%          2    None
 Call Imp                 Summ           #######.     1%          2    None
 Corpse Rot               Necr           N/A          1%          2    None
 Ensorcelled Hibernation  Hex/Ice        ######       1%          2    None
 Passwall                 Tmut/Erth      ########     1%          2    None
 Poisonous Vapours        Pois/Air       ######       1%          2    None
 Searing Ray              Conj           ######       1%          2    None
 Slow                     Hex            ########     1%          2    None
 Song of Slaying          Chrm           ########     1%          2    None
 Sticks to Snakes         Tmut           ########     1%          2    None
 Swiftness                Chrm/Air       ########     1%          2    None
 Throw Flame              Conj/Fire      ######       1%          2    None
 Throw Frost              Conj/Ice       ######       1%          2    None
 Call Canine Familiar     Summ           #######.     1%          3    None
 Confuse                  Hex            ########     1%          3    None
 Conjure Flame            Conj/Fire      ########     1%          3    None
 Dazzling Spray           Conj/Hex       ######       1%          3    None
 Gell's Gravitas          Tloc           ########..   1%          3    None
 Ignite Poison            Fire/Tmut/Pois ########     1%          3    None
 Inner Flame              Hex/Fire       ########     1%          3    None
 Lesser Beckoning         Tloc           ########..   1%          3    None
 Mephitic Cloud           Conj/Pois/Air  ########     1%          3    None
 Ozocubu's Armour         Chrm/Ice       ########     1%          3    None
 Portal Projectile        Hex/Tloc       ######       1%          3    None
 Recall                   Summ/Tloc      N/A          1%          3    None
 Spectral Weapon          Hex/Chrm       ########     1%          3    None
 Spider Form              Tmut/Pois      ########..   1%          3    None
 Static Discharge         Conj/Air       ########     1%          3    None
 Summon Guardian Golem    Hex/Summ       #######.     1%          3    None
 Teleport Other           Tloc           ########     1%          3    None
 Tukima's Dance           Hex            ########     1%          3    None
 Vampiric Draining        Necr           ########..   1%          3    None
 Animate Dead             Necr           N/A          1%          4    None
 Force Lance              Conj/Tloc      ########     1%          4    None
 Fulminant Prism          Conj/Hex       ########..   1%          4    None
 Ice Form                 Ice/Tmut       ########     1%          4    None
 Iskenderun's Mystic Bla  Conj           ########     1%          4    None
 Leda's Liquefaction      Hex/Erth       ########..   1%          4    None
 Olgreb's Toxic Radiance  Pois           #######.     1%          4    None
 Petrify                  Tmut/Erth      ########     1%          4    None
 Sticky Flame             Conj/Fire      ########     1%          4    None
 Summon Ice Beast         Ice/Summ       ########     1%          4    None
 Summon Lightning Spire   Summ/Air       #######.     1%          4    None
 Throw Icicle             Conj/Ice       ########     1%          4    None
 Agony                    Necr           ########     1%          5    None
 Alistair's Intoxication  Tmut/Pois      ########     1%          5    None
 Blade Hands              Tmut           ########..   1%          5    None
 Bolt of Draining         Conj/Necr      #########.   1%          5    None
 Bolt of Magma            Conj/Fire/Erth ##########   1%          5    None
 Dispel Undead            Necr           ########     1%          5    None
 Excruciating Wounds      Chrm/Necr      ########..   1%          5    None
 Irradiate                Conj/Tmut      ########..   1%          5    None
 Iskenderun's Battlesphe  Conj/Chrm      ########     1%          5    None
 Lee's Rapid Deconstruct  Erth           #########.   1%          5    None
 Lightning Bolt           Conj/Air       ########..   1%          5    None
 Metabolic Englaciation   Hex/Ice        ########..   1%          5    None
 Silence                  Hex/Air        ########..   1%          5    None
 Summon Forest            Summ/Tloc      ########..   1%          5    None
 Venom Bolt               Conj/Pois      ########..   1%          5    None
 Yara's Violent Unravell  Hex/Tmut       ########..   1%          5    None
 Bolt of Cold             Conj/Ice       #########.   1%          6    None
 Bolt of Fire             Conj/Fire      ##########   1%          6    None
 Conjure Ball Lightning   Conj/Air       ########..   1%          6    None
 Death Channel            Necr           ########..   1%          6    None
 Dispersal                Tloc           ########..   1%          6    None
 Freezing Cloud           Conj/Ice/Air   #########.   1%          6    None
 Iron Shot                Conj/Erth      #########.   1%          6    None
 Ozocubu's Refrigeration  Ice            #########.   1%          6    None
 Poison Arrow             Conj/Pois      ########..   1%          6    None
 Simulacrum               Ice/Necr       #########.   1%          6    None
 Orb of Destruction       Conj           #########.   1%          7    None
 Ring of Flames           Chrm/Fire      ##########   1%          7    None
 Spellforged Servitor     Conj/Summ      ########..   1%          7    None
 Chain Lightning          Conj/Air       ########..   1%          8    None
 Summon Mana Viper        Hex/Summ       #######.     2%          5    None
 Borgnjor's Revivificati  Necr           ########..   2%          8    None
 Infestation              Necr           ########..   2%          8    None
 Hydra Form               Tmut           ########..   3%          6    None
 Disjunction              Tloc           ########..   3%          8    None
 Darkness                 Hex            ########..   4%          6    None
 Invisibility             Hex            ########     4%          6    None
 Aura of Abjuration       Summ           #######...   7%          5    None
 Summon Demon             Summ           #######...   7%          5    None
 Haunt                    Necr/Summ      ########..   7%          7    None
 Malign Gateway           Summ/Tloc      ########..   8%          7    None
 Dragon Form              Tmut           ########..   14%         7    None
 Necromutation            Tmut/Necr      ########..   14%         8    None
 Shadow Creatures         Summ           N/A          30%         6    None
 Summon Hydra             Summ           #######...   83%         7    None
 Discord                  Hex            ########..   83%         8    None
 Dragon's Call            Summ           #######...   100%        9    None
 Sublimation of Blood     Necr           Unusable     N/A         2    N/A
 Passage of Golubria      Tloc           Unusable     N/A         4    N/A
 Statue Form              Tmut/Erth      Unusable     N/A         6    N/A

Dungeon Overview and Level Annotations

Branches:
Dungeon (15/15)            Temple (1/1) D:6            Lair (6/6) D:8
  Swamp (4/4) Lair:4        Snake (4/4) Lair:2        Slime (5/5) Lair:6
    Orc (2/2) D:11            Elf (3/3) Orc:2        Vaults (5/5) D:13
  Crypt (3/3) Vaults:3       Tomb (3/3) Crypt:3      Depths (5/5) D:15
   Hell (1/1)                 Dis (7/7) Hell            Geh (7/7) Hell
    Coc (7/7) Hell            Tar (7/7) Hell            Zot (5/5) Depths:5

Altars:
Dithmenos
Elyvilon
Fedhas
Gozag
Kikubaaqudgha
Makhleb
Nemelex Xobeh
Okawaru
Ru
Sif Muna
Vehumet
Wu Jian
Xom
Yredelemnul
Zin
The Shining One
Beogh
Jiyva

Shops:
D:4 [%!*%   D:5 =   Orc:2 (*(*   Snake:1 ==}   Snake:3 (*   Vaults:2 :
Vaults:3 :   Vaults:5 %?!   Depths:2 :

Portals:
Hell: Depths:1 Depths:2 Depths:3 Depths:4 Depths:5
Abyss: Depths:4 Depths:5
Pandemonium: Depths:1 Depths:3


Innate Abilities, Weirdness & Mutations

You are resistant to torment.
Your stone body is resilient. (AC +20)
You are immune to poison.
Your large and strong wings let you fly indefinitely.
You resist negative energy. (rN+)
You are resistant to electric shocks. (rElec)
You can survive without breathing.
You are immune to petrification.
You are immune to rotting.
You are partially covered in thin metallic scales. (AC +2)
Scrolls take you a little longer to read.
You are robust. (+10% HP)
Your spells are a little harder to cast, but a little more powerful.
You evolve.


Message History

A chaos spawn comes into view.
There is a stone staircase leading up here.
You fly upwards.
There is a stone staircase leading down here.
Magic restored.
Casting: Shatter (safe; 1% risk of failure)
Confirm with . or Enter, or press ? or * to list all spells.
The dungeon rumbles!
Ka-crash!
You hear a shout!
Unknown command.
You see here a hunting sling.
Casting: Shatter (safe; 1% risk of failure)
Confirm with . or Enter, or press ? or * to list all spells.
The dungeon rumbles!
Ka-crash!
Unknown command.
Casting: Shatter (safe; 1% risk of failure)
Confirm with . or Enter, or press ? or * to list all spells.
The dungeon rumbles!
Ka-crash!
Unknown command.
There is a staircase leading out of the dungeon here.
You have escaped!

..# #.#... #.####.# # #.#
#....####.## #.# # #.#
#.#...##.#.###.# # #.#
#.##.##.###.##.# # #.# #.##...##
##...### #.#
#######.##.#....#.###... #.#
#..........##.....# #.## #.#
#.######..####..#. #.# #.#
#.#####@..##......###.# #.#
#.........##..##...##.#
..########..####..##....##..##.##
.................###...###..##.##
...######..#####..#....##...#...#
.#....###..# #.##...###..#.....
.#.#...##..# #.#....##...##.†.#
.#.⌠.⌠.##..# #.#...###....##.##
...._..##..# ###..###..........


There were no monsters in sight!

Vanquished Creatures
  Cerebov (Pan)
  Antaeus (Coc:7)
  Asmodeus (Geh:7)
  the Royal Jelly (Slime:5)
  Ereshkigal (Tar:7)
  Lom Lobon (Pan)
  Gloorx Vloq (Pan)
  the Serpent of Hell (Tar:7)
  Dispater (Dis:7)
  Khufu (Tomb:3)
  4 orbs of fire (Zot:5)
  Mara (Tomb:2)
  7 ancient liches
  2 juggernauts (Zig:13)
  43 greater mummies
  Boris (Vaults:3)
  20 pandemonium lords
  3 shard shrikes (Coc:7)
  Frederick (Vaults:2)
  A shard shrike (shapeshifter) (Depths:4)
  Vashnia (Snake:3)
  16 Killer Klowns
  5 curse toes
  Geryon (Hell)
  10 golden dragons
  15 bone dragons
  A profane servitor (Zot:4)
  3 electric golems (Zot:5)
  20 Brimstone Fiends
  4 iron giants
  27 Tzitzimimeh
  9 doom hounds
  24 tentacled monstrosities
  10 Hell Sentinels
  19 Ice Fiends
  Rupert (Lair:4)
  6 titans
  Asterion (Vaults:2)
  28 Orb Guardians
  18 liches
  10 deep elf blademasters
  19 deep elf master archers
  9 quicksilver dragons
  An acid blob (shapeshifter) (Vaults:5)
  3 tentacled starspawn
  3 quicksilver dragons (shapeshifter)
  18 Executioners
  2 eldritch tentacles
  25 acid blobs
  7 death cobs
  17 sphinxes
  Agnes (Elf:2)
  14 ancient champions
  9 thorn hunters
  17 shadow dragons
  Kirke (Snake:4)
  A storm dragon (shapeshifter) (Depths:4)
  Donald (Elf:3)
  10 tengu reavers
  35 nagarajas
  6 revenants
  20 draconian monks
  13 storm dragons
  A fire giant (shapeshifter) (Depths:4)
  23 fire giants
  Roxanne (Elf:3)
  A frost giant (shapeshifter) (Zig:16)
  17 corrupters
  12 azure jellies
  14 draconian knights
  7 iron dragons
  9 emperor scorpions
  42 balrugs
  17 vault wardens
  13 warmongers
  14 frost giants
  A caustic shrike zombie (Zig:6)
  19 ghost moths
  38 cacodemons
  An angel (Pan)
  2 orc warlords
  17 deep elf sorcerers
  11 draconian shifters
  Louise (D:15)
  18 draconian scorchers
  60 reapers
  A juggernaut skeleton (Zig:8)
  8 ghouls
  26 war gargoyles
  3 curse skulls
  4 deep elf elementalists (Elf:3)
  10 draconian stormcallers
  28 stone giants
  20 ironheart preservers
  3 elemental wellsprings (Coc:7)
  25 very ugly things
  15 entropy weavers
  The ghost of Hiavodo the Carver, a journeyman TrMo of Makhleb (D:13)
  A spriggan defender (Depths:5)
  20 blood saints
  14 draconian annihilators
  17 lorocyprocas
  14 deep elf demonologists
  10 white draconians
  16 bennus
  12 black draconians
  10 vampire knights
  10 green draconians
  Azrael (Elf:2)
  16 purple draconians
  3 spark wasps
  12 black suns
  18 deep elf annihilators
  20 red draconians
  6 eidola
  13 yellow draconians
  9 deep elf death magi
  5 quicksilver dragon zombies
  3 crystal guardians
  8 merfolk javelineers (Zig:23)
  34 blizzard demons
  17 ettins
  25 green deaths
  12 death oozes (Slime:5)
  33 mummy priests
  17 fire dragons
  10 jiangshi
  19 deep elf high priests
  A kraken zombie (Coc:5)
  21 yaktaur captains
  13 great orbs of eyes
  A merfolk impaler (Zig:7)
  13 ice dragons
  13 hell beasts
  9 rakshasas
  10 quicksilver dragon skeletons
  A caustic shrike simulacrum (Zig:22)
  27 naga warriors
  35 vault guards
  4 spriggan air magi
  2 death knights
  36 hydras
  3 anacondas (shapeshifter)
  2 merfolk aquamancers (Zig:7)
  12 monstrous demonspawn (Pan)
  2 catoblepae
  18 alligators
  18 anacondas
  2 alligator snapping turtles (shapeshifter)
  12 ogre magi
  8 satyrs (Zig:23)
  11 centaur warriors
  An alligator snapping turtle (Zig:7)
  41 two-headed ogres
  32 dancing weapons
  27 hell hogs
  7 tengu warriors
  The ghost of Freyura the Poker, a novice FoFi of Dithmenos (D:8)
  6 deep troll shamans
  13 death yaks
  88 death scarabs
  42 naga sharpshooters
  14 deep troll earth magi
  3 spriggan berserkers
  19 shock serpents
  9 vampire magi
  16 iron golems
  15 orc high priests
  5 thrashing horrors
  9 titan zombies
  6 storm dragon zombies
  62 hell knights
  96 sun demons
  23 deep elf knights
  17 iron trolls
  60 soul eaters
  6 wretched stars
  41 sixfirhies
  25 shadow wraiths
  8 titan skeletons
  4 storm dragon skeletons
  129 skeletal warriors
  7 death drakes (Zig:19)
  A deep troll (shapeshifter) (Zig:16)
  A ghost moth zombie (Geh:5)
  4 salamander mystics
  A sea snake (shapeshifter) (Zig:9)
  A spark wasp zombie (Zig:8)
  4 spriggan druids
  9 sea snakes (Snake:4)
  28 shadow demons
  2 entropy weaver zombies
  A kraken simulacrum (Coc:2)
  13 gelid demonspawn (Pan)
  10 anaconda zombies
  11 infernal demonspawn (Pan)
  14 flayed ghosts
  A cherub (Zig:20)
  27 deep elf archers
  11 torturous demonspawn (Pan)
  13 glowing orange brains
  A swamp dragon (shapeshifter) (Vaults:2)
  20 swamp dragons
  10 wizards
  39 deep trolls
  8 golden dragon zombies
  5 unseen horrors
  5 golden dragon skeletons
  18 ironbrand convokers
  10 starcursed masses
  An orange crystal statue (Depths:1)
  A lindwurm (Lair:6)
  A wolf spider zombie (Geh:3)
  A harpy (shapeshifter) (Zig:27)
  14 orc knights
  17 mana vipers
  10 phantasmal warriors
  2 lindwurms (shapeshifter)
  4 iron dragon zombies
  8 shadow dragon skeletons
  2 sphinx zombies
  10 naga ritualists
  27 ugly things
  8 anaconda skeletons
  6 manticores
  6 harpies
  23 wolf spiders
  5 shambling mangroves
  7 shadow dragon zombies
  23 orb spiders
  6 orc sorcerers
  83 deep elf magi
  8 fire giant zombies
  A wolf spider (shapeshifter) (Depths:1)
  5 stone giant zombies
  17 cyclopes
  5 oklob plants (Zig:14)
  20 salamanders
  31 necromancers
  12 shining eyes
  41 moths of wrath
  6 fauns (Zig:23)
  5 stone giant skeletons
  A moth of wrath (shapeshifter) (Vaults:5)
  2 guardian serpents (shapeshifter)
  7 frost giant zombies
  A sphinx skeleton (Zig:22)
  15 rust devils
  2 elephants (shapeshifter)
  5 ice statues
  A dire elephant zombie (Hell)
  10 iron dragon skeletons
  4 fire giant skeletons
  23 guardian serpents
  6 frost giant skeletons
  38 naga magi
  6 molten gargoyles
  5 eyes of devastation
  13 vault sentinels
  6 gargoyles
  A merfolk siren (Zig:7)
  2 storm dragon simulacra
  A titan simulacrum (Crypt:1)
  A spiny frog (shapeshifter) (Depths:3)
  49 black mambas
  A water nymph (Zig:7)
  41 orange demons
  4 shock serpent skeletons
  2 emperor scorpion zombies
  11 torpor snails
  6 dire elephant skeletons
  3 elf zombies
  65 smoke demons
  4 rime drakes
  43 hellions
  A red draconian zombie (Crypt:1)
  A yaktaur zombie (Hell)
  6 komodo dragons
  An elf (Vaults:3)
  36 freezing wraiths
  40 tormentors
  2 catoblepas zombies
  37 demonic crawlers
  4 kobold demonologists
  75 guardian mummies
  33 spiny frogs
  60 yaktaurs
  45 ice devils
  18 efreet
  15 hellwings
  2 ancient zymes
  A golden dragon simulacrum (Tar:4)
  A catoblepas skeleton (Geh:7)
  5 harpy zombies
  9 hydra zombies
  53 red devils
  3 tengu conjurers
  35 hornets
  22 trolls
  3 merfolk (Zig:7)
  5 meliai (Abyss:3)
  11 polar bears (IceCv)
  24 jumping spiders
  A tyrant leech (shapeshifter) (Depths:5)
  A death yak skeleton (Crypt:1)
  2 shadow dragon simulacra
  5 harpy skeletons
  A queen bee (Abyss:3)
  20 tyrant leeches
  A merfolk (shapeshifter) (Vaults:5)
  2 raiju (shapeshifter)
  7 hydra skeletons
  14 bog bodies
  108 slime creatures
  A wind drake (Zig:7)
  A frost giant simulacrum (Abyss:3)
  14 alligator zombies
  9 fire dragon zombies
  A wind drake (shapeshifter) (Zig:27)
  A snapping turtle (shapeshifter) (Depths:1)
  10 hippogriffs
  23 blink frogs
  4 dream sheep (Lair:6)
  9 raiju (Abyss:3)
  2 stone giant simulacra
  A hippogriff (shapeshifter) (Vaults:2)
  4 ice dragon zombies
  164 flying skulls
  A snapping turtle (Zig:7)
  A spriggan (shapeshifter) (D:14)
  24 redbacks
  3 ettin zombies
  31 wraiths
  4 air elementals
  71 large abominations
  8 ettin skeletons
  4 fire dragon skeletons
  43 shadows
  A spriggan skeleton (Zig:8)
  A tarantella (shapeshifter) (Depths:1)
  8 wyverns
  2 black mamba zombies
  5 ice dragon skeletons
  38 ushabtiu
  26 water elementals
  3 vampires
  19 tarantellas
  2 black mamba skeletons
  22 fire elementals
  77 yaks
  10 spriggans
  2 hogs (Snake:4)
  A yak (shapeshifter) (Elf:1)
  5 basilisks
  55 ynoxinuls
  3 alligator skeletons
  12 golden eyes
  23 neqoxecs
  11 hungry ghosts
  21 humans
  19 vampire mosquitoes
  An elf simulacrum (Zig:6)
  Grum (D:9)
  A fire bat (shapeshifter) (Depths:4)
  28 chaos spawn
  A human zombie (Hell)
  10 swamp worms
  75 nagas
  5 insubstantial wisps (Swamp:1)
  5 acid dragons
  6 spiny frog zombies
  15 wargs
  8 water moccasins
  A soldier ant (shapeshifter) (Depths:1)
  4 hydra simulacra
  A soldier ant (D:13)
  4 floating eyes
  63 hell hounds
  11 porcupines
  47 orc warriors
  A merfolk skeleton (Geh:3)
  21 swamp drakes
  A black bear (shapeshifter) (Depths:1)
  A manticore zombie (Tar:1)
  A spiny frog skeleton (Coc:7)
  A hornet zombie (D:9)
  18 ice beasts
  6 sky beasts
  2 black bears
  An eye of draining (shapeshifter) (Vaults:2)
  34 necrophages
  4 snapping turtle zombies
  26 wolves
  13 eyes of draining
  3 manticore skeletons
  An ogre (shapeshifter) (Depths:1)
  12 phantoms
  A tengu (shapeshifter) (Vaults:5)
  40 ogres
  2 boggarts (Depths:5)
  2 swamp dragon skeletons
  7 centaurs
  A lindwurm skeleton (Crypt:3)
  3 snapping turtle skeletons
  A hog skeleton (Crypt:1)
  3 big kobolds
  7 crocodiles
  A rime drake zombie (Crypt:1)
  27 bullfrogs
  4 earth elementals
  A wyvern zombie (D:14)
  A cyclops zombie (Crypt:1)
  A deep troll simulacrum (Vaults:3)
  A draconian skeleton (Crypt:2)
  3 spriggan zombies
  A wyvern skeleton (D:12)
  4 scorpions
  6 small abominations
  11 killer bees
  A manticore simulacrum (Tomb:3)
  A troll skeleton (Crypt:2)
  77 wights
  A wolf zombie (Crypt:2)
  5 electric eels
  4 howler monkeys
  17 crimson imps
  4 centaur zombies
  4 quasits
  2 bullfrog zombies
  7 centaur skeletons
  9 jellies
  A gnoll shaman (D:4)
  9 hounds
  12 iron imps
  45 orc priests
  A bullfrog skeleton (D:11)
  5 iguanas
  22 orc wizards
  Ijyb (D:3)
  7 hell rats (Lair:5)
  A human skeleton (Geh:1)
  17 worker ants
  A lightning spire (Zig:10)
  A killer bee zombie (D:8)
  2 ogre zombies
  A centaur simulacrum (D:8)
  A naga skeleton (Geh:5)
  3 hound zombies
  2 ogre skeletons
  A dwarf skeleton (Crypt:2)
  77 mummies
  A hound skeleton (D:8)
  A howler monkey zombie (D:8)
  12 gnolls
  A tengu simulacrum (Crypt:1)
  15 adders
  A hound simulacrum (D:8)
  23 shadow imps
  23 white imps
  7 oozes
  3 ufetubi
  An adder skeleton (Crypt:3)
  A lava snake skeleton (Crypt:1)
  A worm (D:2)
  3 ball lightnings (Pan)
  2 dart slugs (D:2)
  3 leopard geckos
  126 orcs
  6 giant cockroaches
  19 goblins
  12 hobgoblins
  9 jackals
  3 quokkas
  8 bats
  7 frilled lizards
  2 giant cockroach zombies
  A hobgoblin skeleton (Crypt:3)
  3 hobgoblin zombies (Ossuary)
  A jackal zombie (D:9)
  34 kobolds
  A kobold skeleton (Geh:5)
  4 kobold zombies
  2 leopard gecko skeletons (D:4)
  A leopard gecko zombie (D:3)
  An orc skeleton (Geh:3)
  2 orc zombies (Ossuary)
  9 rats
  19 blocks of ice
  6 bushes (Zig:20)
  4 crawling corpses
  312 fire vortices
  6 fungi
  20 plants
  2 tentacles (Coc:5)
6742 creatures vanquished.

Vanquished Creatures (collateral kills)
  A pandemonium lord (Pan)
  3 greater mummies
  A deep elf blademaster (Zig:27)
  A deep elf master archer (Zig:27)
  An Executioner (Pan)
  3 acid blobs
  A nagaraja (Zig:2)
  A draconian monk (Zig:26)
  A draconian scorcher (Zig:26)
  A draconian knight (Zig:26)
  A ghost moth (Zig:25)
  An emperor scorpion (Zig:25)
  A reaper (Pan)
  A draconian annihilator (Zig:26)
  A blood saint (Pan)
  A juggernaut skeleton (Zig:22)
  A white draconian (Zig:18)
  2 yellow draconians
  A purple draconian (Zig:26)
  A merfolk javelineer (Zig:23)
  A green death (Pan)
  A monstrous demonspawn (Pan)
  A naga warrior (Zig:1)
  A death scarab (Tomb:3)
  A small abomination (Zig:27)
  2 storm dragon zombies
  A titan zombie (Zig:22)
  3 large abominations (Pan)
  A naga sharpshooter (Zig:12)
  A golden dragon zombie (Geh:1)
  A stone giant skeleton (Hell)
  A spriggan zombie (Zig:22)
  A smoke demon (Pan)
  2 demonic crawlers
  2 hellions
  A jumping spider (Zig:25)
  An ice devil (Coc:7)
  3 slime creatures
  A fire dragon zombie (Coc:7)
  A flying skull (Tar:1)
  A ynoxinul (Pan)
  An air elemental (Zig:27)
  A tarantella (Zig:25)
  A shadow (Tar:3)
  A golden eye (Zig:17)
  A neqoxec (Pan)
  A naga (Zig:24)
  A floating eye (Pan)
  An ice beast (Coc:7)
  A spiny frog skeleton (Hell)
  3 eyes of draining
  A necrophage (Geh:1)
  An ogre (Zig:13)
  3 wights
  A human skeleton (Geh:4)
  17 mummies
  A white imp (Coc:7)
  A bush (Zig:20)
  3 crawling corpses (Zig:27)
93 creatures vanquished.

Vanquished Creatures (others)
  Mnoleg (Pan)
  An elemental wellspring (Coc:2)
  A spark wasp (Depths:4)
  39 death scarabs
  2 skeletal warriors (Tomb:1)
  A hellion (Geh:7)
  A guardian mummy (Tomb:2)
  A shadow (Tar:7)
  A water elemental (Elf:2)
  A chaos spawn (Pan)
  A killer bee (Abyss:3)
  An iron imp (Zot:5)
  4 mummies
  46 blocks of ice
  2 bushes
  1200 fire vortices
  16 fungi
  38 plants
  2 starspawn tentacles (Abyss:2)
  6 tentacles (Coc:5)
1365 creatures vanquished.

Grand Total: 8200 creatures vanquished

Notes
Turn   | Place    | Note
-------+----------+-------------------------------------------
     0 | D:1      | Debik the Gargoyle Earth Elementalist began the quest for
                  | the Orb.
     0 | D:1      | Reached XP level 1. HP: 10/10 MP: 3/3
   155 | D:1      | Found a sparkling altar of Nemelex Xobeh.
   225 | D:1      | Reached XP level 2. HP: 15/15 MP: 0/5
   597 | D:1      | Reached XP level 3. HP: 19/19 MP: 4/6
   602 | D:1      | Learned a level 3 spell: Stone Arrow
  1015 | D:2      | Found an iron altar of Okawaru.
  1015 | D:2      | Noticed a scorpion
  1090 | D:2      | Killed a scorpion
  1090 | D:2      | Reached XP level 4. HP: 20/24 MP: 0/8
  1188 | D:2      | Reached XP level 5. HP: 17/28 MP: 0/10
  1316 | D:2      | Learned a level 5 spell: Lee's Rapid Deconstruction
  1486 | D:2      | Found a faded altar of an unknown god.
  1497 | D:2      | Reached skill level 5 in Earth Magic
  2057 | D:3      | Found an ornate altar of the Wu Jian Council.
  2406 | D:3      | Found a glowing golden altar of the Shining One.
  2572 | D:3      | Noticed Ijyb
  2583 | D:3      | Killed Ijyb
  2583 | D:3      | Reached XP level 6. HP: 28/32 MP: 0/12
  3364 | D:4      | Found Utwurot's Distillery.
  3368 | D:4      | Bought a potion of heal wounds for 70 gold pieces
  3368 | D:4      | Bought a potion of magic for 112 gold pieces
  3383 | D:4      | Found Lyqatim's Food Emporium.
  3780 | D:4      | Found Jamnul's Food Shoppe.
  3825 | D:4      | Found Luzxaor's General Store.
  3865 | D:4      | Found Inwel's Armour Boutique.
  4002 | D:4      | Reached skill level 5 in Spellcasting
  4097 | D:5      | Entered Level 5 of the Dungeon
  4100 | D:5      | Reached XP level 7. HP: 36/36 MP: 10/14
  4491 | D:5      | Found a sand-covered staircase.
  4502 | Ossuary  | Entered an ossuary
  4951 | D:5      | Learned a level 2 spell: Passwall
  5247 | D:5      | Found Ficubed's Jewellery Boutique.
  5477 | D:6      | Reached XP level 8. HP: 41/41 MP: 14/17
  5612 | D:6      | Found a shimmering altar of Xom.
  5612 | D:6      | Found a shimmering altar of Xom.
  5612 | D:6      | Found a shimmering altar of Xom.
  5679 | D:6      | Found a blossoming altar of Fedhas.
  5714 | D:6      | Found a staircase to the Ecumenical Temple.
  6148 | D:6      | Found a shimmering altar of Xom.
  6149 | D:6      | Found a shimmering altar of Xom.
  6314 | D:6      | Reached skill level 1 in Fighting
  6419 | D:6      | Reached XP level 9. HP: 42/47 MP: 17/20
  6774 | D:4      | Bought the +0 Maxwell's etheric cage {RegenMP+ *Contam
                  | rElec MP+4} for 400 gold pieces
  6774 | D:4      | Found the +0 Maxwell's etheric cage {RegenMP+ *Contam rElec
                  | MP+4}
  6869 | Temple   | Entered the Ecumenical Temple
  6917 | Temple   | Became a worshipper of Vehumet
  7276 | D:7      | Reached * piety under Vehumet
  7276 | D:7      | Offered knowledge of Sting by Vehumet.
  7701 | D:7      | Reached skill level 10 in Earth Magic
  8503 | D:8      | Offered knowledge of Shock by Vehumet.
  8509 | D:8      | Reached ** piety under Vehumet
  8524 | D:8      | Reached XP level 10. HP: 52/52 MP: 7/23
  8533 | D:8      | Reached skill level 1 in Conjurations
  8622 | D:8      | Noticed a two-headed ogre
  8625 | D:8      | Killed a two-headed ogre
  8715 | D:8      | Found a runed gate.
  8716 | D:8      | Found a runed gate.
  8716 | D:8      | Found a runed gate.
  8718 | D:8      | Noticed Freyura's ghost (novice FoFi)
  8875 | D:8      | Found a staircase to the Lair.
  9006 | D:8      | Found a burning altar of Makhleb.
  9386 | D:9      | Reached skill level 10 in Spellcasting
  9541 | D:9      | Offered knowledge of Static Discharge by Vehumet.
  9612 | D:9      | Noticed Grum
  9625 | D:9      | Killed Grum
  9632 | D:9      | Reached *** piety under Vehumet
 10022 | D:10     | Entered Level 10 of the Dungeon
 10053 | D:10     | Found a shadowy altar of Dithmenos.
 10071 | D:10     | Found a flagged portal.
 10073 | D:10     | Reached XP level 11. HP: 56/56 MP: 25/25
 10110 | Bailey   | Entered a bailey
 10115 | Bailey   | Noticed an orc warlord
 10137 | Bailey   | Offered knowledge of Olgreb's Toxic Radiance by Vehumet.
 10200 | Bailey   | Found a runed gate.
 10202 | Bailey   | Found a runed gate.
 10204 | Bailey   | Found a runed gate.
 10700 | D:11     | Reached **** piety under Vehumet
 10744 | Lair:1   | Entered Level 1 of the Lair of Beasts
 10916 | Lair:1   | Found a labyrinth entrance.
 11027 | Lair:1   | Learned a level 1 spell: Summon Butterflies
 11482 | Lair:2   | Noticed a death yak
 11484 | Lair:2   | Noticed a death yak
 11491 | Lair:2   | Found a staircase to the Snake Pit.
 11519 | Lair:2   | Offered knowledge of Mephitic Cloud by Vehumet.
 11524 | Lair:2   | Learned a level 3 spell: Mephitic Cloud
 11784 | Lair:2   | Noticed a death yak
 11943 | Lair:2   | Killed a death yak
 11943 | Lair:2   | Killed a death yak
 11946 | Lair:2   | Killed a death yak
 12492 | Lair:3   | Reached XP level 12. HP: 60/60 MP: 27/28
 12498 | Lair:3   | Noticed a six-headed hydra
 12501 | Lair:3   | Killed a six-headed hydra
 12604 | Lair:3   | Noticed a six-headed hydra
 12629 | Lair:3   | Killed a six-headed hydra
 13229 | Lair:4   | Noticed Rupert
 13234 | Lair:4   | Noticed an eight-headed hydra
 13344 | Lair:4   | Noticed a five-headed hydra
 13348 | Lair:4   | Killed a five-headed hydra
 13374 | Lair:4   | Noticed a death yak
 13391 | Lair:4   | Reached skill level 15 in Earth Magic
 13605 | Lair:4   | Killed an eight-headed hydra
 13641 | Lair:4   | Noticed a death yak
 13641 | Lair:4   | Noticed a death yak
 13647 | Lair:4   | Noticed a death yak
 13648 | Lair:4   | Noticed a death yak
 13777 | Lair:4   | Reached ***** piety under Vehumet
 13808 | Lair:4   | Noticed a death yak
 13817 | Lair:4   | Killed a death yak
 13966 | Lair:4   | Offered knowledge of Freezing Cloud by Vehumet.
 13974 | Lair:4   | Learned a level 6 spell: Freezing Cloud
 13982 | Lair:4   | Found a staircase to the Swamp.
 14030 | Lair:4   | Noticed a death yak
 14033 | Lair:4   | Noticed a death yak
 14061 | Lair:4   | Killed a death yak
 14065 | Lair:4   | Reached XP level 13. HP: 66/66 MP: 17/30
 14113 | Lair:3   | Reached skill level 1 in Ice Magic
 14385 | Lair:4   | Learned a level 3 spell: Ozocubu's Armour
 14601 | Lair:4   | Got an opalescent robe
 14612 | Lair:4   | Identified the +0 robe of Foolhardiness {Int+9 Dex-3
                  | Stlth+} (You found it on level 4 of the Lair of Beasts)
 14662 | Lair:4   | Reached skill level 5 in Conjurations
 15042 | Lair:4   | Paralysed by Rupert for 2 turns
 15052 | Lair:4   | Killed Rupert
 15125 | Lair:5   | Learned a level 4 spell: Throw Icicle
 15222 | Lair:5   | Reached skill level 1 in Poison Magic
 15284 | Lair:5   | Found a frozen archway.
 15298 | IceCv    | Entered an ice cave
 15614 | IceCv    | Identified a scroll of acquirement
 15643 | IceCv    | Reached skill level 5 in Fighting
 15649 | IceCv    | Gained mutation: Your large and strong wings let you fly
                  | indefinitely. [Gargoyle growth]
 15649 | IceCv    | Reached XP level 14. HP: 78/78 MP: 21/32
 15688 | IceCv    | Noticed a frost giant
 15718 | IceCv    | Killed a frost giant
 15729 | IceCv    | Found the +8 glaive of the Guard {elec, +Rage AC+5 SInv}
 16633 | Lair:5   | Got a bloodstained long sword
 16634 | Lair:5   | Identified the +3 long sword of Annoyance {holy, rPois rF+
                  | rN+ MR-} (You found it on level 5 of the Lair of Beasts)
 16702 | Lair:6   | Entered Level 6 of the Lair of Beasts
 16843 | Lair:6   | Reached skill level 1 in Polearms
 16946 | Lair:6   | Reached skill level 5 in Ice Magic
 17206 | Lair:6   | Offered knowledge of Poison Arrow by Vehumet.
 17315 | Lair:6   | Found a runed door.
 17387 | Lair:6   | Found a viscous altar of Jiyva.
 17388 | Lair:6   | Found a staircase to the Slime Pits.
 17388 | Lair:6   | Noticed an acid blob
 17388 | Lair:6   | Noticed an acid blob
 17739 | Lair:6   | Identified the cursed +0 plate armour of Ufriymm {rElec
                  | rF+} (You found it on level 6 of the Lair of Beasts)
 18052 | D:8      | Killed Freyura's ghost
 18168 | D:4      | Bought a scroll of blinking for 90 gold pieces
 18168 | D:4      | Bought a scroll of teleportation for 36 gold pieces
 18168 | D:4      | Bought 3 scrolls of teleportation for 108 gold pieces
 18285 | D:4      | Bought a potion of heal wounds for 70 gold pieces
 18285 | D:4      | Bought a potion of curing for 42 gold pieces
 18285 | D:4      | Bought a potion of brilliance for 56 gold pieces
 18791 | D:11     | Found a staircase to the Orcish Mines.
 18795 | D:11     | Reached XP level 15. HP: 86/86 MP: 27/33
 18908 | D:11     | Offered knowledge of Iron Shot by Vehumet.
 18916 | D:11     | Learned a level 6 spell: Iron Shot
 19291 | Orc:1    | Entered Level 1 of the Orcish Mines
 19551 | Orc:1    | Found a roughly hewn altar of Beogh.
 19979 | Orc:2    | Entered Level 2 of the Orcish Mines
 19981 | Orc:2    | Reached skill level 15 in Spellcasting
 20246 | Orc:2    | Noticed an orc warlord
 20258 | Orc:2    | Killed an orc warlord
 20279 | Orc:2    | Offered knowledge of Bolt of Magma by Vehumet.
 20286 | Orc:2    | Learned a level 5 spell: Bolt of Magma
 20355 | Orc:2    | Found a staircase to the Elven Halls.
 20521 | Orc:2    | Found a roughly hewn altar of Beogh.
 20595 | Orc:2    | Found Syudop's Weapon Shoppe.
 20595 | Orc:2    | Found Erghol's Assorted Antiques.
 20630 | Orc:2    | Bought a scroll of enchant armour for 180 gold pieces
 20630 | Orc:2    | Bought a dented filigree amulet for 120 gold pieces
 20768 | Orc:2    | Found a roughly hewn altar of Beogh.
 20776 | Orc:2    | Found Benwutt's Antique Weapon Shoppe.
 20776 | Orc:2    | Found Arpho Zam's General Store.
 20804 | Orc:2    | Bought a scroll of enchant armour for 105 gold pieces
 20907 | Orc:2    | Reached skill level 1 in Air Magic
 21824 | D:13     | Reached ****** piety under Vehumet
 21845 | D:13     | Reached skill level 1 in Fire Magic
 21882 | D:13     | Offered knowledge of Conjure Ball Lightning by Vehumet.
 22043 | D:13     | Found a gate to the Vaults.
 22067 | D:13     | Reached XP level 16. HP: 96/96 MP: 35/35
 22094 | D:13     | Found a flickering gateway to a bazaar.
 22102 | Bazaar   | Entered a bazaar
 22107 | Bazaar   | Found Tyibb's Antique Armour Shop.
 22115 | Bazaar   | Bought an ancient robe for 142 gold pieces
 22121 | Bazaar   | Found Izurch's Gadget Shop.
 22165 | Bazaar   | Identified the +2 robe of Botagug {Str+2 Slay-4 SInv} (You
                  | bought it in a shop in a bazaar)
 22216 | D:13     | Gained mutation: You are partially covered in slimy green
                  | scales. (AC +2) [potion of mutation]
 22216 | D:13     | Gained mutation: You are somewhat resistant to further
                  | mutation. [potion of mutation]
 22216 | D:13     | Gained mutation: You passively map a small area around you.
                  | [potion of mutation]
 22216 | D:13     | Gained mutation: You are partially covered in molten
                  | scales. (AC +2) [potion of mutation]
 22597 | D:13     | Found a runed door.
 22598 | D:13     | Noticed Hiavodo's ghost (journeyman TrMo)
 22625 | D:13     | Killed Hiavodo's ghost
 22767 | D:13     | Reached skill level 10 in Fighting
 23113 | D:14     | Offered knowledge of Spellforged Servitor by Vehumet.
 23430 | D:14     | Got a twitching gossamer ring
 23500 | D:14     | Learned a level 8 spell: Lehudib's Crystal Spear
 23863 | D:14     | Identified the ring of Atheism {rPois Str+2} (You found it
                  | on level 14 of the Dungeon)
 23962 | D:15     | Entered Level 15 of the Dungeon
 24315 | D:15     | Found a staircase to the Depths.
 24317 | D:15     | Offered knowledge of Bolt of Fire by Vehumet.
 24791 | D:15     | Got a pair of bloodstained boots
 24802 | D:15     | Identified the +2 pair of boots of Tycith {rC- Int+5} (You
                  | found it on level 15 of the Dungeon)
 24948 | D:15     | Noticed Louise
 24956 | D:15     | Killed Louise
 25326 | D:4      | Bought the +4 skin of Zhor {rC+++} for 623 gold pieces
 25326 | D:4      | Found the +4 skin of Zhor {rC+++}
 25560 | Swamp:1  | Entered Level 1 of the Swamp
 25569 | Lair:4   | Reached skill level 5 in Stealth
 25781 | Swamp:1  | Noticed a thorn hunter
 25783 | Swamp:1  | Killed a thorn hunter
 25841 | Swamp:1  | Reached XP level 17. HP: 104/104 MP: 33/37
 26024 | Swamp:1  | Learned a level 9 spell: Fire Storm
 27473 | Swamp:3  | Offered knowledge of Shatter by Vehumet.
 27473 | Swamp:3  | Offered knowledge of Tornado by Vehumet.
 27473 | Swamp:3  | Offered knowledge of Ignition by Vehumet.
 27502 | Swamp:3  | Learned a level 9 spell: Shatter
 27660 | Swamp:3  | Reached skill level 5 in Fire Magic
 27965 | Swamp:4  | Entered Level 4 of the Swamp
 28047 | Swamp:4  | Noticed a tentacled monstrosity
 28050 | Swamp:4  | Killed a tentacled monstrosity
 28148 | Swamp:4  | Reached XP level 18. HP: 109/112 MP: 21/39
 28291 | Swamp:4  | Got a decaying rune of Zot
 28443 | Swamp:4  | Identified the +7 rapier of Greed {holy, rPois Str+3} (You
                  | took it off a spriggan on level 4 of the Swamp)
 28759 | Snake:1  | Entered Level 1 of the Snake Pit
 28827 | Snake:1  | Found Dugy's Gadget Shop.
 28827 | Snake:1  | Found Mogiss's Jewellery Shoppe.
 28828 | Snake:1  | Found Attumn's Jewellery Shoppe.
 28836 | Snake:1  | Bought an uncursed ring of fire for 350 gold pieces
 28836 | Snake:1  | Bought an uncursed ring of magical power for 280 gold
                  | pieces
 28842 | Snake:1  | Bought the amulet "Xoizah" {+Fly Regen+ Stlth+} for 712
                  | gold pieces
 30360 | Snake:3  | Reached XP level 19. HP: 100/119 MP: 40/40
 30501 | Snake:3  | Noticed Vashnia
 30508 | Snake:3  | Killed Vashnia
 30517 | Snake:3  | Reached skill level 10 in Conjurations
 30675 | Snake:3  | Found Qiur's General Store.
 30675 | Snake:3  | Found Qaroq's Antique Weapon Boutique.
 30683 | Snake:3  | Bought a ration for 70 gold pieces
 30683 | Snake:3  | Bought a potion of heal wounds for 70 gold pieces
 30683 | Snake:3  | Bought a potion of curing for 42 gold pieces
 30683 | Snake:3  | Bought a potion of heal wounds for 70 gold pieces
 30683 | Snake:3  | Bought a ration for 70 gold pieces
 30683 | Snake:3  | Bought a scroll of amnesia for 49 gold pieces
 31069 | Snake:4  | Entered Level 4 of the Snake Pit
 31149 | Snake:4  | Noticed Kirke
 31275 | Snake:4  | Killed Kirke
 31275 | Snake:4  | Reached XP level 20. HP: 126/126 MP: 42/42
 31368 | Snake:4  | Got a serpentine rune of Zot
 32224 | Elf:1    | Entered Level 1 of the Elven Halls
 33039 | Elf:2    | Noticed Agnes
 33041 | Elf:2    | Killed Agnes
 33251 | Elf:2    | Reached skill level 10 in Fire Magic
 33495 | Elf:2    | Found a huge runed gate.
 33495 | Elf:2    | Found a huge runed gate.
 33495 | Elf:2    | Found a huge runed gate.
 33495 | Elf:2    | Found a huge runed gate.
 33499 | Elf:2    | Found a huge runed gate.
 33630 | Elf:2    | Noticed Azrael
 33637 | Elf:2    | Killed Azrael
 34053 | Elf:3    | Entered Level 3 of the Elven Halls
 34053 | Elf:3    | Noticed Donald
 34053 | Elf:3    | Noticed Roxanne
 34055 | Elf:3    | Killed Donald
 34055 | Elf:3    | Killed Roxanne
 34076 | Elf:3    | Reached XP level 21. HP: 129/132 MP: 40/44
 34452 | Elf:3    | Paralysed by a sphinx for 4 turns
 34843 | Elf:3    | Reached skill level 15 in Fighting
 35025 | Elf:3    | Got a wavering ruby amulet
 35037 | Elf:3    | Identified the amulet "Faiko" {Gourm +Fly rC++ rN+ Slay-6}
                  | (You took it off a deep elf sorcerer on level 3 of the
                  | Elven Halls)
 35065 | Elf:3    | Got a crude copper ring
 35075 | Elf:3    | Identified the ring "Vurir" {rCorr *Contam Int+5} (You took
                  | it off a deep elf sorcerer on level 3 of the Elven Halls)
 35084 | Elf:3    | Identified the cursed +1 broad axe of Vanity {venom, +Blink
                  | rElec rF+ rN+} (You took it off a deep elf sorcerer on
                  | level 3 of the Elven Halls)
 35105 | Elf:3    | Got a transparent robe
 35147 | Elf:3    | Identified the +0 robe of the Loofah {Regen+} (You found it
                  | on level 3 of the Elven Halls)
 35189 | Elf:3    | Identified Jots's Almanac of the Frostbite and
                  | Transmigration
 35245 | Elf:3    | Got a pitted turquoise ring
 35254 | Elf:3    | Identified the ring of the Villain {rPois rN+ SInv} (You
                  | found it on level 3 of the Elven Halls)
 35283 | Elf:3    | Got a pair of faintly humming gloves
 35289 | Elf:3    | Identified the cursed +0 pair of gloves of Incorporation
                  | {rN+ Str+4} (You found it on level 3 of the Elven Halls)
 35307 | Elf:3    | Learned a level 5 spell: Irradiate
 35671 | Vaults:1 | Entered Level 1 of the Vaults
 36111 | Vaults:1 | Reached XP level 22. HP: 140/140 MP: 46/46
 36680 | Vaults:1 | Found a radiant altar of Vehumet.
 36694 | Vaults:1 | Identified the cursed -3 hat "Zolep" {rPois SInv} (You
                  | found it on level 1 of the Vaults)
 37106 | Vaults:1 | Got a blackened plate armour
 37117 | Vaults:1 | Identified the +9 plate armour of a volcano {rPois rF-
                  | SInv} (You found it on level 1 of the Vaults)
 37240 | Vaults:2 | Noticed Frederick
 37242 | Vaults:2 | Killed Frederick
 37428 | Vaults:2 | Found Owauv's Book Shop.
 37444 | Vaults:2 | Bought a book of Necromancy for 420 gold pieces
 37444 | Vaults:2 | Bought a book of Unlife for 910 gold pieces
 37444 | Vaults:2 | Bought a book of Conjurations for 420 gold pieces
 37444 | Vaults:2 | Bought a book of Misfortune for 280 gold pieces
 37444 | Vaults:2 | Bought a book of Dreams for 1050 gold pieces
 37451 | Vaults:2 | Learned a level 5 spell: Borgnjor's Vile Clutch
 37461 | Vaults:2 | Learned a level 9 spell: Fire Storm
 37593 | Vaults:2 | Noticed Asterion
 37596 | Vaults:2 | Killed Asterion
 38701 | Vaults:3 | Noticed Boris
 38704 | Vaults:3 | Killed Boris
 38704 | Vaults:3 | Reached XP level 23. HP: 126/147 MP: 31/47
 39023 | Vaults:3 | Found Diul's Book Boutique.
 39027 | Vaults:3 | Found a staircase to the Crypt.
 39460 | Vaults:3 | Got a translucent bone amulet
 39647 | Vaults:3 | Found a portal to a secret trove of treasure.
 39889 | Crypt:1  | Entered Level 1 of the Crypt
 40011 | Crypt:1  | Identified the amulet of Xifonlio {MR+ Regen+ Int+3} (You
                  | took it off a vault warden on level 3 of the Vaults)
 40336 | Crypt:1  | Found a basalt altar of Yredelemnul.
 41507 | Crypt:3  | Entered Level 3 of the Crypt
 41508 | Crypt:3  | Noticed a curse toe
 41514 | Crypt:3  | Noticed an ancient lich
 41515 | Crypt:3  | Reached XP level 24. HP: 124/154 MP: 48/48
 41516 | Crypt:3  | Killed an ancient lich
 41517 | Crypt:3  | Killed a curse toe
 41655 | Crypt:3  | Noticed an ancient lich
 41656 | Crypt:3  | Killed an ancient lich
 41656 | Crypt:3  | Noticed an ancient lich
 41658 | Crypt:3  | Killed an ancient lich
 41679 | Crypt:3  | Identified the cursed +1 scale mail of Heresy {rElec Int+4}
                  | (You found it on level 3 of the Crypt)
 41681 | Crypt:3  | Identified the cursed +1 robe of Dithmenos's Vengeance
                  | {+Inv Str+5 Int+3} (You found it on level 3 of the Crypt)
 41690 | Crypt:3  | Learned a level 5 spell: Fireball
 41694 | Crypt:3  | Learned a level 3 spell: Regeneration
 41771 | Crypt:3  | Found a staircase to the Tomb.
 42407 | Vaults:4 | Reached skill level 1 in Charms
 42479 | Vaults:4 | Identified the cursed +1 leather armour of Atheism {MR+}
                  | (You found it on level 4 of the Vaults)
 43440 | Vaults:5 | Entered Level 5 of the Vaults
 43442 | Vaults:5 | Reached XP level 25. HP: 162/162 MP: 49/49
 43442 | Vaults:5 | Reached skill level 1 in Necromancy
 43594 | Vaults:5 | Noticed an ancient lich
 43598 | Vaults:5 | Killed an ancient lich
 43942 | Vaults:5 | Noticed a juggernaut
 43942 | Vaults:5 | a titan changed into a juggernaut
 44055 | Vaults:5 | a juggernaut changed into an acid blob
 44059 | Vaults:5 | Reached XP level 26. HP: 137/170 MP: 50/50
 44497 | Vaults:5 | Found Sanimaun's Distillery.
 44498 | Vaults:5 | Got a silver rune of Zot
 44506 | Vaults:5 | Bought a potion of brilliance for 68 gold pieces
 44506 | Vaults:5 | Bought a potion of heal wounds for 85 gold pieces
 44506 | Vaults:5 | Bought a potion of brilliance for 68 gold pieces
 44506 | Vaults:5 | Bought a potion of magic for 136 gold pieces
 44506 | Vaults:5 | Bought a potion of brilliance for 68 gold pieces
 44532 | Vaults:5 | Found Ahigaruq's Food Boutique.
 44790 | Vaults:5 | Identified the +1 scale mail "Bawuin" {Str+7} (You found it
                  | on level 5 of the Vaults)
 44793 | Vaults:5 | Identified the +3 ring mail of Tutsiy {rPois rCorr Str-4}
                  | (You found it on level 5 of the Vaults)
 44795 | Vaults:5 | Identified the cursed +2 great sword of Reihief {slice,
                  | +Fly rElec SInv} (You found it on level 5 of the Vaults)
 44875 | Vaults:5 | Found the +3 crown of Dyrovepreva {rElec Int+2 SInv}
 44993 | Vaults:5 | Found Ysaqoaku's Magic Scroll Shoppe.
 44997 | Vaults:5 | Bought a scroll of acquirement for 988 gold pieces
 45345 | Vaults:1 | Upgraded the game from 0.22.1 to 0.22.1-1-ga44c0e56f4
 45490 | Depths:1 | Entered Level 1 of the Depths
 45492 | Depths:1 | Reached skill level 15 in Fire Magic
 46007 | Depths:1 | Found a gateway to Hell.
 46354 | Depths:1 | Found a one-way gate leading to the halls of Pandemonium.
 46591 | Depths:2 | Found Visiha's Book Shoppe.
 46609 | Depths:2 | Paralysed by a sphinx for 4 turns
 46778 | Depths:2 | Reached skill level 27 in Earth Magic
 46830 | Depths:2 | Found a blossoming altar of Fedhas.
 48330 | Depths:4 | Reached XP level 27. HP: 176/176 MP: 50/50
 48686 | Depths:4 | Reached skill level 5 in Dodging
 48818 | Depths:4 | Found a one-way gate to the infinite horrors of the Abyss.
 49149 | Depths:4 | Identified the +7 plate armour of the Frog {Regen+} (You
                  | found it on level 4 of the Depths)
 49300 | Depths:5 | Entered Level 5 of the Depths
 49383 | Depths:5 | Found a gateway to a ziggurat.
 49607 | Depths:5 | Found a gate to the Realm of Zot.
 49702 | Depths:5 | Found a deep blue altar of Sif Muna.
 49732 | Depths:5 | Found the fabulously ornate robe
 49732 | Depths:5 | Identified Imepirog's Compendium of Summoning
 49903 | Depths:5 | Identified the cursed -5 robe of Misfortune {-Cast *Contam
                  | *Tele *Drain EV-5 Stlth-- *Curse} (You found it on level 5
                  | of the Depths)
 50198 | Zot:1    | Entered Level 1 of the Realm of Zot
 52251 | Zot:3    | Reached skill level 1 in Shields
 52966 | Zot:4    | Reached skill level 15 in Conjurations
 54049 | Depths:4 | Voluntarily entered the Abyss.
 54140 | Abyss:3  | Found a corrupted altar of Lugonu.
 54156 | Abyss:3  | Identified Zoebits's Compendium of Snow
 54222 | Abyss:3  | Gained mutation: You possess an exceptional clarity of
                  | mind. [mutagenic glow]
 54347 | Abyss:3  | Got an abyssal rune of Zot
 54366 | Depths:4 | Escaped the Abyss
 55150 | Slime:1  | Entered Level 1 of the Pits of Slime
 55193 | Slime:1  | Gained mutation: Your body sometimes deteriorates upon
                  | taking damage. [mutagenic glow]
 55362 | Slime:2  | Gained mutation: You are clumsy. (Dex -2) [mutagenic glow]
 56124 | Slime:4  | Gained mutation: Your body often deteriorates upon taking
                  | damage. [mutagenic glow]
 56397 | Slime:5  | Entered Level 5 of the Pits of Slime
 56431 | Slime:5  | Noticed the Royal Jelly
 56435 | Slime:5  | Killed the Royal Jelly
 56583 | Slime:5  | Got a slimy rune of Zot
 56585 | Slime:5  | Got an ancient crystal amulet
 56632 | Slime:5  | Identified the amulet "Cenog" {+Rage MR- Dex+9 SInv} (You
                  | found it on level 5 of the Pits of Slime)
 56637 | Slime:5  | Identified the +2 pair of gloves of Neclaita {rF+ rN+
                  | Str+4} (You found it on level 5 of the Pits of Slime)
 57558 | Vaults:3 | You paid a toll of 2 scrolls of acquirement to enter a
                  | treasure trove
 57559 | Trove    | Entered a treasure trove
 57590 | Trove    | Got a smoking iron ring
 57592 | Trove    | Got a heavily runed lead ring
 57597 | Trove    | Identified the ring "Ziorukk" {Str+2 Slay+3} (You found it
                  | in a treasure trove)
 57600 | Trove    | Identified the ring of Dicwyli {rN+ Str+7 Int+4} (You found
                  | it in a treasure trove)
 57606 | Trove    | Got a shimmering steel amulet
 57616 | Trove    | Identified the amulet of Due Proportion {Acrobat rN+ Str+3}
                  | (You found it in a treasure trove)
 57879 | Trove    | Learned a level 9 spell: Glaciate
 58284 | Zig:1    | Entered Level 1 of a ziggurat
 58301 | Zig:2    | Entered Level 2 of a ziggurat
 58341 | Zig:2    | Identified the Grimoire of Calling and Battle Magic
 58425 | Zig:3    | Entered Level 3 of a ziggurat
 58447 | Zig:3    | Identified the Volume of the Quantum Escort
 58452 | Zig:4    | Entered Level 4 of a ziggurat
 58452 | Zig:4    | Found the +2 hat of the Bear Spirit {Spirit, +Rage rN+
                  | MR++}
 58491 | Zig:5    | Entered Level 5 of a ziggurat
 58533 | Zig:6    | Entered Level 6 of a ziggurat
 58609 | Zig:7    | Entered Level 7 of a ziggurat
 58616 | Zig:7    | Reached skill level 27 in Spellcasting
 58660 | Zig:8    | Entered Level 8 of a ziggurat
 58832 | Zig:8    | Reached skill level 1 in Hexes
 58832 | Zig:8    | Reached skill level 1 in Translocations
 58878 | Zig:8    | Learned a level 2 spell: Shroud of Golubria
 58881 | Zig:9    | Entered Level 9 of a ziggurat
 58960 | Zig:10   | Entered Level 10 of a ziggurat
 58965 | Zig:10   | Noticed Tetrauss the pandemonium lord
 58968 | Zig:10   | Killed Tetrauss the pandemonium lord
 59000 | Zig:10   | Identified the Grimoire of Earth and the Voyage
 59045 | Zig:10   | Identified the cursed +0 broad axe of the Invisible Dreams
                  | {freeze, Str+8} (You found it on level 10 of a ziggurat)
 59050 | Zig:11   | Entered Level 11 of a ziggurat
 59109 | Zig:12   | Entered Level 12 of a ziggurat
 59133 | Zig:12   | Found the +5 scythe "Finisher" {speed, Str+3}
 59201 | Zig:12   | Identified the +1 troll leather armour of Menil {*Corrode
                  | Regen+ Int+10 Dex+6} (You found it on level 12 of a
                  | ziggurat)
 59228 | Zig:12   | Learned a level 4 spell: Cause Fear
 59253 | Zig:12   | Learned a level 6 spell: Deflect Missiles
 59263 | Zig:13   | Entered Level 13 of a ziggurat
 59275 | Zig:13   | Noticed a juggernaut
 59277 | Zig:13   | Killed a juggernaut
 59278 | Zig:13   | Noticed a juggernaut
 59279 | Zig:13   | Killed a juggernaut
 59358 | Zig:13   | Identified the +5 rapier of Ataock {venom, rC+ MP+9} (You
                  | found it on level 13 of a ziggurat)
 59364 | Zig:14   | Entered Level 14 of a ziggurat
 59371 | Zig:14   | Noticed a greater mummy
 59373 | Zig:14   | Killed a greater mummy
 59374 | Zig:14   | Noticed a greater mummy
 59375 | Zig:14   | Noticed a greater mummy
 59377 | Zig:14   | Killed a greater mummy
 59377 | Zig:14   | Killed a greater mummy
 59379 | Zig:14   | Killed a greater mummy
 59379 | Zig:14   | Noticed a greater mummy
 59379 | Zig:14   | Noticed a greater mummy
 59380 | Zig:14   | Killed a greater mummy
 59380 | Zig:14   | Noticed a greater mummy
 59381 | Zig:14   | Killed a greater mummy
 59382 | Zig:14   | Noticed a greater mummy
 59384 | Zig:14   | Killed a greater mummy
 59385 | Zig:14   | Killed a greater mummy
 59440 | Zig:14   | Identified the Almanac of Lightness and Clay
 59482 | Zig:15   | Entered Level 15 of a ziggurat
 59492 | Zig:15   | Reached skill level 5 in Charms
 59578 | Zig:15   | Identified the amulet of Reimbursement {Reflect +Inv rElec
                  | Str-2 Int+6 SH+3} (You found it on level 15 of a ziggurat)
 59633 | Zig:16   | Entered Level 16 of a ziggurat
 59643 | Zig:16   | Noticed Ipevamoy the pandemonium lord
 59647 | Zig:16   | Noticed Nurodim the pandemonium lord
 59652 | Zig:16   | Killed Ipevamoy the pandemonium lord
 59660 | Zig:16   | Noticed Ranynof the pandemonium lord
 59662 | Zig:16   | Noticed Zorazyu the pandemonium lord
 59663 | Zig:16   | Killed Nurodim the pandemonium lord
 59666 | Zig:16   | Killed Ranynof the pandemonium lord
 59666 | Zig:16   | Killed Zorazyu the pandemonium lord
 59667 | Zig:16   | Noticed Coapa the pandemonium lord
 59678 | Zig:16   | Killed Coapa the pandemonium lord
 59683 | Zig:16   | Reached skill level 5 in Necromancy
 59694 | Zig:16   | Killed Mypseyk the pandemonium lord
 59798 | Zig:16   | Found the ring of the Octopus King
 59830 | Zig:16   | Got a ring of the Octopus King
 59835 | Zig:16   | Identified a ring of the Octopus King {rF+ AC+1 EV+1 Str+1
                  | Int+1 Dex+1} (You found it on level 16 of a ziggurat)
 59843 | Zig:17   | Entered Level 17 of a ziggurat
 59902 | Zig:17   | Found the +10 large shield of Ignorance {rN+ Int-4}
 59920 | Zig:17   | Got a bound iron amulet
 59937 | Zig:17   | Identified the amulet "Zapn" {Reflect +Blink rN+ Int-3
                  | SH+2} (You found it on level 17 of a ziggurat)
 59949 | Zig:18   | Entered Level 18 of a ziggurat
 60044 | Zig:19   | Entered Level 19 of a ziggurat
 60099 | Zig:19   | Identified Sif Muna's Catalogue of Displaced Talismans
 60137 | Zig:20   | Entered Level 20 of a ziggurat
 60172 | Zig:20   | Noticed Utoano the pandemonium lord
 60173 | Zig:20   | Paralysed by Utoano for 7 turns
 60185 | Zig:20   | Killed Utoano the pandemonium lord
 60273 | Zig:20   | Identified the Tome of Icy Evil Arts
 60289 | Zig:20   | Identified the Almanac of the Hidden Vale
 60320 | Zig:21   | Entered Level 21 of a ziggurat
 60568 | Zig:21   | Identified the Disquisition on Flamy Calling
 60591 | Zig:22   | Entered Level 22 of a ziggurat
 60603 | Zig:22   | Noticed a greater mummy
 60606 | Zig:22   | Killed a greater mummy
 60621 | Zig:22   | Noticed a greater mummy
 60625 | Zig:22   | Killed a greater mummy
 60632 | Zig:22   | Noticed a greater mummy
 60632 | Zig:22   | Noticed a greater mummy
 60634 | Zig:22   | Killed a greater mummy
 60635 | Zig:22   | Killed a greater mummy
 60638 | Zig:22   | Noticed a greater mummy
 60638 | Zig:22   | Noticed a greater mummy
 60640 | Zig:22   | Killed a greater mummy
 60641 | Zig:22   | Killed a greater mummy
 60641 | Zig:22   | Noticed a greater mummy
 60647 | Zig:22   | Noticed a greater mummy
 60654 | Zig:22   | Killed a greater mummy
 60657 | Zig:22   | Noticed a greater mummy
 60659 | Zig:22   | Killed a greater mummy
 60659 | Zig:22   | Killed a greater mummy
 60660 | Zig:22   | Noticed a greater mummy
 60663 | Zig:22   | HP: 3/188 [something (27)]
 60663 | Zig:22   | Killed a greater mummy
 60664 | Zig:22   | Gained mutation: You are frail. (-10% HP) [mutagenic glow]
 60704 | Zig:22   | Identified Ocudefosoe's Guide on Mutagenic Earth
 60765 | Zig:23   | Entered Level 23 of a ziggurat
 60857 | Zig:23   | Found the +8 frozen axe "Frostbite" {freezing cloud, *Noise
                  | +Fly rC+}
 60899 | Zig:23   | Found the +8 mithril axe "Arga" {speed, MR+}
 60935 | Zig:23   | Got a crude emerald amulet
 60944 | Zig:23   | Identified the Almanac of the Beginning
 60955 | Zig:23   | Identified the amulet "Isuhumea" {*Corrode +Rage rN+ MP+9}
                  | (You found it on level 23 of a ziggurat)
 60964 | Zig:23   | Reached skill level 5 in Translocations
 60968 | Zig:24   | Entered Level 24 of a ziggurat
 61044 | Zig:24   | Got a faintly glowing cloak
 61055 | Zig:24   | Identified the +1 cloak of the Barnacle {+Fly Int+6} (You
                  | found it on level 24 of a ziggurat)
 61071 | Zig:24   | Identified Ystrudasu's Grimoire of Beguiling
 61091 | Zig:24   | Reached skill level 5 in Transmutations
 61091 | Zig:24   | Reached skill level 10 in Ice Magic
 61093 | Zig:24   | Got a sparkling granite ring
 61095 | Zig:24   | Identified the ring "Tylas" {Fire MR+ Str-5 Int+3} (You
                  | found it on level 24 of a ziggurat)
 61099 | Zig:24   | Got a twitching marble ring
 61113 | Zig:24   | Identified the ring of Tomorrow {*Tele *Drain rF++ rN+++
                  | Dex-4} (You found it on level 24 of a ziggurat)
 61118 | Zig:25   | Entered Level 25 of a ziggurat
 61206 | Zig:25   | Identified the Almanac of Attacks
 61228 | Zig:25   | Identified the +5 quarterstaff of Ybaoluh {speed, rElec
                  | Str+4 Stlth+} (You found it on level 25 of a ziggurat)
 61233 | Zig:26   | Entered Level 26 of a ziggurat
 61313 | Zig:26   | Found the +8 longbow "Zephyr" {speed, Dex+3 SInv}
 61336 | Zig:26   | Identified the Reference Book on Flames
 61346 | Zig:26   | Got a crude pewter amulet
 61347 | Zig:26   | Identified the amulet "Kaxer" {Regen+ Dex+4 Slay+2} (You
                  | found it on level 26 of a ziggurat)
 61393 | Zig:26   | Reached skill level 5 in Hexes
 61395 | Zig:27   | Entered Level 27 of a ziggurat
 61477 | Zig:27   | Got a brightly glowing bronze ring
 61497 | Zig:27   | Identified the ring "Cemapl Oclagh" {rCorr rElec rF+} (You
                  | found it on level 27 of a ziggurat)
 61534 | Zig:27   | Learned a level 8 spell: Death's Door
 61956 | Pan      | Entered Pandemonium
 62023 | Pan      | Noticed Zykod the pandemonium lord
 62028 | Pan      | Killed Zykod the pandemonium lord
 62776 | Pan      | Found an exit through the horrors of the Abyss.
 62949 | Pan      | Noticed Vuovidae the pandemonium lord
 62955 | Pan      | Killed Vuovidae the pandemonium lord
 63644 | Pan      | Noticed Doppa the pandemonium lord
 63646 | Pan      | Killed Doppa the pandemonium lord
 64279 | Pan      | Reached skill level 27 in Conjurations
 64403 | Pan      | Reached skill level 5 in Shields
 64413 | Pan      | Noticed Leny the pandemonium lord
 64418 | Pan      | Killed Leny the pandemonium lord
 65047 | Pan      | Got a steaming golden amulet
 65085 | Pan      | Identified the amulet of Elitism {Spirit rF- MR+++ Str+3
                  | Dex+2} (You acquired it in Pandemonium)
 65191 | Pan      | Noticed Wogi the pandemonium lord
 65194 | Pan      | Killed Wogi the pandemonium lord
 65194 | Pan      | Reached skill level 10 in Charms
 65367 | Pan      | Reached skill level 5 in Armour
 66136 | Pan      | Noticed Nicuneng the pandemonium lord
 66139 | Pan      | Killed Nicuneng the pandemonium lord
 66348 | Pan      | Identified the +1 pair of gloves "Utsiuray" {rC+ Str+3
                  | Int+4 Dex+4 Stlth+} (You found it in Pandemonium)
 66736 | Pan      | Entered the realm of Mnoleg.
 66736 | Pan      | Noticed Mnoleg
 66741 | Pan      | Killed Mnoleg
 67629 | Pan      | Got a glowing rune of Zot
 67652 | Pan      | Identified the +7 ring mail of the Black Moon {-Cast rElec
                  | Str+4 SInv} (You found it in Pandemonium)
 67804 | Pan      | Reached skill level 27 in Fire Magic
 67947 | Pan      | Reached skill level 10 in Necromancy
 68095 | Pan      | Noticed Vashrutt the pandemonium lord
 68097 | Pan      | Killed Vashrutt the pandemonium lord
 68556 | Pan      | Noticed Yghokog the pandemonium lord
 68563 | Pan      | Killed Yghokog the pandemonium lord
 68944 | Pan      | Found an exit through the horrors of the Abyss.
 69021 | Pan      | Reached skill level 15 in Ice Magic
 69216 | Pan      | Noticed Feantu the pandemonium lord
 69233 | Pan      | Killed Feantu the pandemonium lord
 69639 | Pan      | Found an exit through the horrors of the Abyss.
 69917 | Pan      | Entered the realm of Cerebov.
 69937 | Pan      | Noticed Cerebov
 69953 | Pan      | Killed Cerebov
 70181 | Pan      | Got a slimy jade ring
 70197 | Pan      | Identified the ring "Otizxant" {Fire *Contam Str+2 Int+2
                  | SInv} (You took it off a red devil in Pandemonium)
 70230 | Pan      | Lost mutation: You possess an exceptional clarity of mind.
                  | [mutagenic glow]
 70247 | Pan      | Got a fiery rune of Zot
 70285 | Pan      | Gained mutation: You are very clumsy. (Dex -4) [mutagenic
                  | glow]
 70306 | Pan      | Identified Sif Muna's Volume of the Mountains and Heat
 70308 | Pan      | Lost mutation: You are frail. (-10% HP) [potion of
                  | mutation]
 70308 | Pan      | Lost mutation: You passively map a small area around you.
                  | [potion of mutation]
 70308 | Pan      | Lost mutation: Your body often deteriorates upon taking
                  | damage. [potion of mutation]
 70308 | Pan      | Lost mutation: You are very clumsy. (Dex -4) [potion of
                  | mutation]
 70308 | Pan      | Gained mutation: You expend magic power (3 MP) to
                  | strengthen your wands. [potion of mutation]
 70924 | Pan      | Entered the realm of Gloorx Vloq.
 71062 | Pan      | Noticed Gloorx Vloq
 71065 | Pan      | Killed Gloorx Vloq
 71085 | Pan      | Got a dark rune of Zot
 71303 | Pan      | Found an exit through the horrors of the Abyss.
 71899 | Pan      | Entered the realm of Lom Lobon.
 72510 | Pan      | Noticed Lom Lobon
 72517 | Pan      | Killed Lom Lobon
 72530 | Pan      | Got a magical rune of Zot
 72783 | Pan      | Noticed Ekov the pandemonium lord
 72794 | Pan      | Killed Ekov the pandemonium lord
 73050 | Pan      | Found an exit through the horrors of the Abyss.
 73724 | Pan      | Killed Sos Lyx the pandemonium lord
 73824 | Pan      | Got a demonic rune of Zot
 74045 | Pan      | Found an exit through the horrors of the Abyss.
 74068 | Pan      | Took an exit into the Abyss.
 74068 | Abyss:1  | Escaped into the Abyss
 74089 | Depths:3 | Escaped the Abyss
 74110 | Hell     | Entered the Vestibule of Hell
 74110 | Hell     | Noticed Geryon
 74202 | Hell     | Killed Geryon
 74332 | Hell     | Found a gateway to the freezing wastes of Cocytus.
 74444 | Hell     | Found a gateway to the ashen valley of Gehenna.
 74558 | Hell     | Found a gateway to the Iron City of Dis.
 74629 | Hell     | Found a gateway to the decaying netherworld of Tartarus.
 74752 | Geh:1    | Entered Level 1 of Gehenna
 75283 | Geh:3    | Reached skill level 5 in Air Magic
 75995 | Geh:7    | Entered Level 7 of Gehenna
 76203 | Geh:7    | Found the +9 heavy crossbow "Sniper" {velocity, Acc+∞ SInv}
 76313 | Geh:7    | Identified the +3 cloak of Monotheism {Str+4} (You found it
                  | on level 7 of Gehenna)
 76359 | Geh:7    | Reached skill level 10 in Dodging
 76381 | Geh:7    | Noticed Asmodeus
 76387 | Geh:7    | Killed Asmodeus
 76420 | Geh:7    | Got an ichor-stained buckler
 76421 | Geh:7    | Lost mutation: Your body sometimes deteriorates upon taking
                  | damage. [a Zot trap]
 76427 | Geh:7    | Got an obsidian rune of Zot
 76434 | Geh:7    | Identified the Tome of Black Rites and Execration
 76446 | Geh:7    | Identified Advanced Steps in the Arcane Arts
 76456 | Geh:7    | Identified the +6 buckler of the Spheres {Int+2 SInv} (You
                  | found it on level 7 of Gehenna)
 76457 | Geh:7    | Identified the +1 plate armour of Ryosmyow {+Inv MR+ Str-2}
                  | (You found it on level 7 of Gehenna)
 76476 | Geh:7    | Identified the +2 chain mail of Tenacity {rPois Str+7 Int+2
                  | Slay-2} (You found it on level 7 of Gehenna)
 76620 | Tar:1    | Entered Level 1 of Tartarus
 77536 | Tar:3    | Reached skill level 10 in Stealth
 77741 | Tar:4    | Reached skill level 10 in Shields
 77886 | Tar:5    | Reached skill level 27 in Fighting
 78071 | Tar:5    | You are sucked into a shaft!
 78198 | Tar:7    | Entered Level 7 of Tartarus
 78207 | Tar:7    | Noticed the Serpent of Hell
 78211 | Tar:7    | Killed the Serpent of Hell
 78304 | Tar:7    | Identified the Grimoire of Destructive Protection
 78443 | Tar:7    | Noticed Ereshkigal
 78451 | Tar:7    | Killed Ereshkigal
 78735 | Tar:7    | Got a bone rune of Zot
 78809 | Coc:1    | Entered Level 1 of Cocytus
 79114 | Coc:3    | Learned a level 6 spell: Deflect Missiles
 79162 | Coc:3    | Learned a level 8 spell: Controlled Blink
 79282 | Coc:3    | Gained mutation: You are very clumsy. (Dex -4) [mutagenic
                  | glow]
 79334 | Coc:5    | Gained mutation: Your magical capacity is low. (-10% MP)
                  | [mutagenic glow]
 79339 | Coc:5    | Lost mutation: You expend magic power (3 MP) to strengthen
                  | your wands. [potion of mutation]
 79339 | Coc:5    | Lost mutation: Your magical capacity is low. (-10% MP)
                  | [potion of mutation]
 79339 | Coc:5    | Lost mutation: You are somewhat resistant to further
                  | mutation. [potion of mutation]
 79339 | Coc:5    | Lost mutation: You are very clumsy. (Dex -4) [potion of
                  | mutation]
 79339 | Coc:5    | Gained mutation: You are somewhat resistant to further
                  | mutation. [potion of mutation]
 79438 | Coc:5    | Gained mutation: Your spells are a little easier to cast,
                  | but a little less powerful. [mutagenic glow]
 79583 | Coc:7    | Entered Level 7 of Cocytus
 79749 | Coc:7    | Noticed Antaeus
 79750 | Coc:7    | Found the +3 robe of Clouds {+Fly rElec}
 79750 | Coc:7    | Reached skill level 15 in Shields
 79757 | Coc:7    | Killed Antaeus
 79757 | Coc:7    | Reached skill level 15 in Necromancy
 79794 | Coc:7    | Got an icy rune of Zot
 79887 | Hell     | Lost mutation: Your spells are a little easier to cast, but
                  | a little less powerful. [potion of mutation]
 79887 | Hell     | Lost mutation: You are clumsy. (Dex -2) [potion of
                  | mutation]
 79887 | Hell     | Gained mutation: You have a pair of small antennae on your
                  | head. [potion of mutation]
 79887 | Hell     | Gained mutation: You have a pair of antennae on your head.
                  | [potion of mutation]
 79888 | Hell     | Lost mutation: You are partially covered in slimy green
                  | scales. (AC +2) [potion of mutation]
 79888 | Hell     | Lost mutation: You are partially covered in molten scales.
                  | (AC +2) [potion of mutation]
 79889 | Hell     | Lost mutation: You have a pair of antennae on your head.
                  | [potion of mutation]
 79890 | Hell     | Lost mutation: You have a pair of small antennae on your
                  | head. [potion of mutation]
 79890 | Hell     | Gained mutation: Your spells are a little harder to cast,
                  | but a little more powerful. [potion of mutation]
 79916 | Dis:1    | Entered Level 1 of the Iron City of Dis
 79963 | Dis:2    | Gained mutation: Your magical capacity is low. (-10% MP)
                  | [mutagenic glow]
 80124 | Dis:3    | Lost mutation: You are somewhat resistant to further
                  | mutation. [potion of mutation]
 80124 | Dis:3    | Lost mutation: Your spells are a little harder to cast, but
                  | a little more powerful. [potion of mutation]
 80124 | Dis:3    | Lost mutation: Your magical capacity is low. (-10% MP)
                  | [potion of mutation]
 80124 | Dis:3    | Gained mutation: You do not regenerate when monsters are
                  | visible. [potion of mutation]
 80124 | Dis:3    | Lost mutation: You do not regenerate when monsters are
                  | visible. [potion of mutation]
 80532 | Dis:7    | Entered Level 7 of the Iron City of Dis
 80547 | Dis:7    | Reached skill level 10 in Translocations
 80549 | Dis:7    | Reached skill level 15 in Dodging
 80624 | Dis:7    | Identified the cursed +0 leather armour of Weitan {rC++
                  | Int+3 Dex-2 SInv} (You found it on level 7 of the Iron City
                  | of Dis)
 80765 | Dis:7    | Noticed Dispater
 80986 | Dis:7    | Killed Dispater
 81018 | Dis:7    | Got an iron rune of Zot
 81597 | Tomb:1   | Entered Level 1 of the Tomb of the Ancients
 81664 | Tomb:1   | Noticed a greater mummy
 81664 | Tomb:1   | Noticed a greater mummy
 81664 | Tomb:1   | Noticed a greater mummy
 81665 | Tomb:1   | Noticed a greater mummy
 81666 | Tomb:1   | Killed a greater mummy
 81666 | Tomb:1   | Killed a greater mummy
 81666 | Tomb:1   | Noticed a greater mummy
 81667 | Tomb:1   | Killed a greater mummy
 81668 | Tomb:1   | Killed a greater mummy
 81669 | Tomb:1   | Killed a greater mummy
 81751 | Tomb:1   | Noticed a greater mummy
 81754 | Tomb:1   | Killed a greater mummy
 81754 | Tomb:1   | Noticed a greater mummy
 81756 | Tomb:1   | Killed a greater mummy
 81804 | Tomb:1   | Noticed a greater mummy
 81806 | Tomb:1   | Killed a greater mummy
 81827 | Tomb:1   | Noticed a greater mummy
 81829 | Tomb:1   | Killed a greater mummy
 81851 | Tomb:1   | Noticed a greater mummy
 81853 | Tomb:1   | Killed a greater mummy
 82173 | Tomb:1   | Noticed a greater mummy
 82173 | Tomb:1   | Noticed a greater mummy
 82174 | Tomb:1   | Noticed a greater mummy
 82175 | Tomb:1   | Killed a greater mummy
 82175 | Tomb:1   | Noticed a greater mummy
 82175 | Tomb:1   | Noticed a greater mummy
 82176 | Tomb:1   | Killed a greater mummy
 82177 | Tomb:1   | Killed a greater mummy
 82177 | Tomb:1   | Noticed a greater mummy
 82178 | Tomb:1   | Killed a greater mummy
 82179 | Tomb:1   | Killed a greater mummy
 82180 | Tomb:1   | Killed a greater mummy
 82220 | Tomb:1   | Noticed a greater mummy
 82223 | Tomb:1   | Killed a greater mummy
 82259 | Tomb:1   | Noticed a greater mummy
 82262 | Tomb:1   | Killed a greater mummy
 82657 | Tomb:3   | Entered Level 3 of the Tomb of the Ancients
 82673 | Tomb:3   | Found the brooch of Shielding {Reflect SH+8}
 82678 | Tomb:3   | Noticed a greater mummy
 82680 | Tomb:3   | Noticed an ancient lich
 82681 | Tomb:3   | Noticed a greater mummy
 82682 | Tomb:3   | Killed a greater mummy
 82683 | Tomb:3   | Killed an ancient lich
 82683 | Tomb:3   | Killed a greater mummy
 82683 | Tomb:3   | Reached skill level 27 in Ice Magic
 82683 | Tomb:3   | Noticed Khufu
 82683 | Tomb:3   | Noticed a greater mummy
 82695 | Tomb:3   | Killed a greater mummy
 82695 | Tomb:3   | Killed Khufu
 82697 | Tomb:3   | Noticed a greater mummy
 82701 | Tomb:3   | Killed a greater mummy
 82705 | Tomb:3   | Noticed a greater mummy
 82705 | Tomb:3   | Noticed a greater mummy
 82707 | Tomb:3   | Killed a greater mummy
 82708 | Tomb:3   | Noticed a greater mummy
 82712 | Tomb:3   | Killed a greater mummy
 82713 | Tomb:3   | Killed a greater mummy
 82740 | Tomb:2   | Noticed a greater mummy
 82764 | Tomb:1   | Gained mutation: You are partially covered in thin metallic
                  | scales. (AC +2) [mutagenic glow]
 82853 | Tomb:2   | Noticed a greater mummy
 82853 | Tomb:2   | Noticed a greater mummy
 82853 | Tomb:2   | Noticed Mara
 82863 | Tomb:2   | Gained mutation: Scrolls take you a little longer to read.
                  | [mutagenic glow]
 82864 | Tomb:2   | Killed a greater mummy
 82866 | Tomb:2   | Killed a greater mummy
 83029 | Tomb:2   | Killed a greater mummy
 83034 | Tomb:2   | Killed Mara
 83129 | Tomb:2   | Gained mutation: You are weak. (Str -2) [potion of
                  | mutation]
 83129 | Tomb:2   | Gained mutation: You have a somewhat thin skeletal
                  | structure. (Dex +2, Stealth) [potion of mutation]
 83129 | Tomb:2   | Gained mutation: You are robust. (+10% HP) [potion of
                  | mutation]
 83130 | Tomb:2   | Lost mutation: You are partially covered in thin metallic
                  | scales. (AC +2) [potion of mutation]
 83130 | Tomb:2   | Gained mutation: You are partially covered in thin metallic
                  | scales. (AC +2) [potion of mutation]
 83131 | Tomb:2   | Lost mutation: You are weak. (Str -2) [potion of mutation]
 83131 | Tomb:2   | Lost mutation: You have a somewhat thin skeletal structure.
                  | (Dex +2, Stealth) [potion of mutation]
 83131 | Tomb:2   | Gained mutation: Your spells are a little harder to cast,
                  | but a little more powerful. [potion of mutation]
 83131 | Tomb:2   | Gained mutation: You evolve. [potion of mutation]
 83162 | Tomb:2   | Noticed an ancient lich
 83164 | Tomb:2   | Killed an ancient lich
 83205 | Tomb:3   | Found the +8 lance "Wyrmbane" {slay drac, rPois rF+ rC+
                  | AC+3}
 83225 | Tomb:3   | Identified the +3 pair of boots "Opiguw" {rN+} (You found
                  | it on level 3 of the Tomb of the Ancients)
 83266 | Tomb:3   | Identified the +2 robe of the Lumpy Songs {rPois rN+ Int+5}
                  | (You found it on level 3 of the Tomb of the Ancients)
 83274 | Tomb:3   | Identified Coypt's Almanac of the Ghastly Volcanoes
 83403 | Tomb:3   | Got a golden rune of Zot
 84689 | Zot:5    | Entered Level 5 of the Realm of Zot
 84741 | Zot:5    | Reached skill level 15 in Charms
 84760 | Zot:5    | Noticed an orb of fire
 84766 | Zot:5    | Killed an orb of fire
 84857 | Zot:5    | Noticed an orb of fire
 84862 | Zot:5    | Killed an orb of fire
 84862 | Zot:5    | Noticed an orb of fire
 84868 | Zot:5    | Killed an orb of fire
 84887 | Zot:5    | Noticed an orb of fire
 84889 | Zot:5    | Killed an orb of fire
 84904 | Zot:5    | Noticed an ancient lich
 84906 | Zot:5    | Killed an ancient lich
 84952 | Zot:5    | Reached skill level 15 in Translocations
 85006 | Zot:5    | Reached skill level 15 in Stealth
 85146 | Zot:5    | Got the Orb of Zot
 85572 | D:13     | Noticed Lovoicescha the pandemonium lord
 85574 | D:13     | Killed Lovoicescha the pandemonium lord
 85799 | D:3      | Noticed Woxegiy the pandemonium lord
 85801 | D:3      | Killed Woxegiy the pandemonium lord
 85874 | D:$      | Escaped with the Orb!

Skill      XL: |  1  2  3  4  5  6  7  8  9 10 11 12 13 14 15 16 17 18 19 20 21 22 23 24 25 26 27 |
---------------+----------------------------------------------------------------------------------+-----
Earth Magic    | 4 5 6 7 8 10 12 14 15 16 17 18 19 20 21 22 23 24 25 26 27 | 27.0
Spellcasting   | 3 4 5 6 7 9 10 12 13 14 15 16 17 18 19 20 21 22 23 27 | 27.0
Stealth        | 3 4 5 15 | 15.4
Dodging        | 2 3 4 17 | 17.7
Fighting       | 1 2 5 7 9 11 12 13 14 15 16 17 18 19 27 | 27.0
Conjurations   | 2 4 5 6 7 8 9 10 11 12 27 | 27.0
Ice Magic      | 4 6 7 8 27 | 27.0
Poison Magic   | 1 2 |  2.5
Polearms       | 1 |  1.0
Air Magic      | 1 2 3 5 |  5.4
Fire Magic     | 1 3 5 7 9 10 11 12 13 14 15 27 | 27.0
Charms         | 1 15 | 15.6
Necromancy     | 1 16 | 16.3
Shields        | 19 | 19.9
Armour         | 9 |  9.2
Hexes          | 5 |  5.1
Translocations | 15 | 15.9
Transmutations | 6 |  6.2
Throwing       | |  0.2

Action                   |  1- 3 |  4- 6 |  7- 9 | 10-12 | 13-15 | 16-18 | 19-21 | 22-24 | 25-27 || total
-------------------------+-------+-------+-------+-------+-------+-------+-------+-------+-------++-------
Melee: Unarmed           |     1 |     2 |     1 |       |       |       |       |       |       ||     4
       Glaive            |       |       |       |       |    12 |       |       |       |       ||    12
       Staff             |       |       |       |       |       |       |       |     1 |   109 ||   110
Throw: Stone             |       |       |       |       |     1 |       |       |       |       ||     1
 Cast: Sandblast         |    50 |   114 |   174 |   136 |   142 |    57 |    13 |    11 |     5 ||   702
       Stone Arrow       |       |     3 |    25 |   127 |   265 |   142 |    40 |     5 |    57 ||   664
       Passwall          |       |       |     1 |     2 |       |       |       |       |       ||     3
       Lee's Rapid Decon |       |       |    29 |    92 |   205 |   128 |   117 |    76 |    71 ||   718
       Mephitic Cloud    |       |       |       |     9 |    20 |     5 |       |       |       ||    34
       Summon Butterflie |       |       |       |     2 |       |       |       |       |       ||     2
       Freezing Cloud    |       |       |       |     1 |    28 |    67 |    22 |    16 |    23 ||   157
       Ozocubu's Armour  |       |       |       |       |    11 |       |       |       |       ||    11
       Throw Icicle      |       |       |       |       |    43 |     1 |     7 |    13 |     7 ||    71
       Bolt of Magma     |       |       |       |       |    38 |    29 |     1 |    20 |       ||    88
       Iron Shot         |       |       |       |       |    27 |    19 |       |       |       ||    46
       Lehudib's Crystal |       |       |       |       |       |   127 |    50 |    22 |   630 ||   829
       Shatter           |       |       |       |       |       |    51 |   122 |   286 |  1043 ||  1502
       Borgnjor's Vile C |       |       |       |       |       |       |       |     6 |    51 ||    57
       Regeneration      |       |       |       |       |       |       |       |    22 |    76 ||    98
       Fireball          |       |       |       |       |       |       |       |    20 |   164 ||   184
       Irradiate         |       |       |       |       |       |       |       |       |     6 ||     6
       Fire Storm        |       |       |       |       |       |       |       |       |   942 ||   942
       Glaciate          |       |       |       |       |       |       |       |       |   149 ||   149
       Shroud of Golubri |       |       |       |       |       |       |       |       |    45 ||    45
       Controlled Blink  |       |       |       |       |       |       |       |       |     5 ||     5
       Deflect Missiles  |       |       |       |       |       |       |       |       |     4 ||     4
       Death's Door      |       |       |       |       |       |       |       |       |     3 ||     3
       Cause Fear        |       |       |       |       |       |       |       |       |     2 ||     2
 Abil: Fly               |       |       |       |       |     1 |       |       |       |       ||     1
Evoke: Wand              |       |       |       |       |     2 |       |       |       |       ||     2
  Use: Scroll            |     2 |    11 |     9 |    11 |    10 |    19 |    11 |    11 |    87 ||   171
       Potion            |       |       |     4 |     3 |     1 |     1 |     2 |     3 |    59 ||    73
 Stab: Sleeping          |       |       |       |       |     1 |       |       |       |       ||     1
  Eat: Chunk             |       |     6 |     3 |    16 |    17 |    35 |    17 |    38 |    36 ||   168
       Ration            |       |     1 |     5 |     5 |     4 |    18 |    16 |    10 |    32 ||    91
Armor: Robe              |     6 |    19 |   108 |    83 |   113 |   125 |    42 |    34 |   106 ||   636
       Troll leather arm |       |       |       |       |       |       |       |       |   303 ||   303
Dodge: Dodged            |    15 |    38 |   106 |   116 |   149 |   107 |    29 |    28 |   480 ||  1068
       Deflected         |       |       |       |       |       |       |       |       |    56 ||    56
Block: Buckler           |       |       |       |       |       |       |       |       |   364 ||   364
